[ AOE2 MATCH · #461949713 ]
UnrankedTurks vs Byzantines
[ REPLAY ANALYSIS · EXTRACTED FROM THE RECORDED GAME ]
Feudal
13:07
Castle
17:02
Imperial
—
| APM avg | 37.7 |
| APM peak | 66 |
| eAPM avg | 19.5 |
| Villagers / military | 39 / 13 |
Focus
⚔️ 32.6% · 🌾 67.4%
Janissary ×13 · Fishing Ship ×10
Feudal
11:45
Castle
—
Imperial
—
| APM avg | 55.5 |
| APM peak | 96 |
| eAPM avg | 20.6 |
| Villagers / military | 39 / 15 |
Focus
⚔️ 34.5% · 🌾 65.5%
Skirmisher ×11 · Fishing Ship ×7 · Spearman ×4
Feudal
13:31
Castle
18:53
Imperial
—
| APM avg | 41.2 |
| APM peak | 67 |
| eAPM avg | 20.3 |
| Villagers / military | 52 / 13 |
Focus
⚔️ 30.0% · 🌾 70.0%
Archer ×13 · Fishing Ship ×9
Feudal
14:13
Castle
18:08
Imperial
—
| APM avg | 35.8 |
| APM peak | 58 |
| eAPM avg | 19.7 |
| Villagers / military | 66 / 19 |
Focus
⚔️ 37.6% · 🌾 62.4%
Archer ×14 · Fishing Ship ×10 · Mangonel ×3 · Skirmisher ×2 · Unknown (2626) ×2
Match map
Initial resources + every placement click. Lines = walls · curves = elevation contours. ◆ gold · ⬟ stone · ● berries · ✦ relic · ◌ wall gap
Your base· Open — unwalled flank
ZomblaV2's base· Open — 11t gap
Ayyy !'s base· Open — 9t gap
gyNNNNN's base· Open — 11t gap
Smoothed initial terrain · ◌ = detected wall gap · hover for details
Inputs per minute
— Katsu - - ZomblaV2
Build order — Katsu
105 actions detected in the replay
| 0:30 | Build | Town Center |
| 0:33 | Build | Dock |
| 1:22 | Build | House |
| 2:53 | Create | Villager (Male) |
| 2:53 | Create | Villager (Male) |
| 3:28 | Create | Villager (Male) |
| 3:58 | Create | Villager (Male) |
| 4:26 | Create | Villager (Male) |
| 4:39 | Build | House |
| 4:46 | Create | Villager (Male) |
| 5:10 | Create | Fishing Ship |
| 5:10 | Create | Fishing Ship |
| 5:20 | Create | Villager (Male) |
| 5:47 | Create | Villager (Male) |
| 5:47 | Create | Villager (Male) |
| 6:04 | Create | Fishing Ship |
| 6:14 | Create | Villager (Male) |
| 6:15 | Create | Villager (Male) |
| 6:23 | Build | House |
| 6:38 | Build | House |
| 6:45 | Create | Villager (Male) |
| 6:45 | Create | Villager (Male) |
| 7:07 | Research | Loom |
| 7:15 | Create | Villager (Male) |
| 7:15 | Create | Fishing Ship |
| 7:16 | Create | Fishing Ship |
| 7:35 | Create | Villager (Male) |
| 7:51 | Create | Fishing Ship |
| 8:02 | Build | House |
| 8:04 | Create | Villager (Male) |
| 8:22 | Create | Villager (Male) |
| 8:32 | Build | Outpost |
| 8:36 | Create | Fishing Ship |
| 8:36 | Create | Fishing Ship |
| 8:52 | Create | Villager (Male) |
| 9:14 | Create | Fishing Ship |
| 9:16 | Create | Villager (Male) |
| 9:38 | Create | Villager (Male) |
| 9:48 | Build | House |
| 9:55 | Build | Mill |
| 10:01 | Create | Villager (Male) |
| 10:04 | Build | House |
| 10:44 | Create | Fishing Ship |
| 10:46 | Research | Loom |
| 10:57 | Research | Feudal Age |
| 10:58 | Research | Feudal Age |
| 11:08 | Build | Mining Camp |
| 12:41 | Create | Villager (Male) |
| 13:07 | Age | Feudal Age |
| 13:09 | Build | Market |
| 13:12 | Build | Blacksmith |
| 13:14 | Create | Villager (Male) |
| 13:56 | Research | Loom |
| 14:11 | Build | Lumber Camp |
| 14:22 | Research | Castle Age |
| 14:41 | Build | House |
| 14:57 | Build | Outpost |
| 15:02 | Research | Double-Bit Axe |
| 15:03 | Research | Double-Bit Axe |
| 15:51 | Research | Horse Collar |
| 16:55 | Build | Mining Camp |
| 17:02 | Age | Castle Age |
| 17:04 | Build | Castle |
| 17:08 | Create | Villager (Male) |
| 17:26 | Create | Villager (Male) |
| 17:55 | Create | Villager (Male) |
| 17:59 | Create | Janissary |
| 18:10 | Create | Janissary |
| 18:12 | Create | Villager (Male) |
| 18:27 | Create | Villager (Male) |
| 18:30 | Build | Farm |
| 18:31 | Build | Farm |
| 18:33 | Build | Farm |
| 18:33 | Build | Farm |
| 18:35 | Build | Farm |
| 18:36 | Build | Farm |
| 18:38 | Create | Villager (Male) |
| 18:44 | Create | Janissary |
| 18:52 | Create | Villager (Male) |
| 18:54 | Build | Farm |
| 19:02 | Create | Janissary |
| 19:11 | Create | Villager (Male) |
| 19:20 | Create | Villager (Male) |
| 19:44 | Create | Janissary |
| 19:52 | Create | Janissary |
| 19:55 | Create | Villager (Male) |
| 19:59 | Create | Janissary |
| 20:10 | Create | Janissary |
| 20:16 | Research | Padded Archer Armor |
| 20:41 | Create | Villager (Male) |
| 20:42 | Create | Janissary |
| 20:49 | Build | Farm |
| 20:50 | Build | Farm |
| 20:51 | Build | Farm |
| 20:54 | Build | Farm |
| 21:01 | Create | Villager (Male) |
| 21:12 | Create | Janissary |
| 21:12 | Create | Janissary |
| 21:20 | Create | Janissary |
| 21:49 | Create | Villager (Male) |
| 21:55 | Create | Villager (Male) |
| 22:21 | Create | Villager (Male) |
| 22:24 | Create | Janissary |
| 22:35 | Create | Villager (Male) |
| 22:38 | Build | Farm |
Build order — ZomblaV2
117 actions detected in the replay
| 0:17 | Build | Town Center |
| 0:25 | Build | Dock |
| 0:27 | Build | House |
| 2:30 | Create | Villager (Male) |
| 2:30 | Create | Villager (Male) |
| 2:30 | Create | Villager (Male) |
| 2:30 | Create | Villager (Male) |
| 2:42 | Build | House |
| 3:34 | Create | Villager (Male) |
| 3:35 | Create | Villager (Male) |
| 4:12 | Create | Fishing Ship |
| 4:15 | Create | Villager (Male) |
| 4:30 | Build | House |
| 4:58 | Create | Villager (Male) |
| 4:59 | Create | Villager (Male) |
| 5:21 | Create | Villager (Male) |
| 5:21 | Create | Villager (Male) |
| 5:21 | Create | Villager (Male) |
| 5:26 | Create | Fishing Ship |
| 5:47 | Create | Villager (Male) |
| 5:47 | Create | Villager (Male) |
| 5:55 | Build | House |
| 6:07 | Create | Villager (Male) |
| 6:07 | Create | Villager (Male) |
| 6:15 | Create | Villager (Male) |
| 6:15 | Create | Villager (Male) |
| 6:38 | Create | Fishing Ship |
| 6:57 | Create | Villager (Male) |
| 6:57 | Create | Villager (Male) |
| 7:01 | Build | Palisade Wall |
| 7:18 | Create | Villager (Male) |
| 7:36 | Create | Villager (Male) |
| 7:42 | Build | House |
| 7:48 | Build | House |
| 7:53 | Create | Villager (Male) |
| 8:15 | Build | Lumber Camp |
| 8:20 | Create | Villager (Male) |
| 8:55 | Research | Loom |
| 9:20 | Research | Feudal Age |
| 10:24 | Build | Barracks |
| 11:02 | Build | House |
| 11:29 | Build | Mill |
| 11:45 | Age | Feudal Age |
| 11:48 | Build | Archery Range |
| 11:49 | Create | Villager (Male) |
| 11:54 | Build | Outpost |
| 12:02 | Research | Double-Bit Axe |
| 12:02 | Research | Double-Bit Axe |
| 12:06 | Create | Villager (Male) |
| 12:33 | Create | Spearman |
| 12:35 | Create | Villager (Male) |
| 12:40 | Create | Skirmisher |
| 12:40 | Create | Skirmisher |
| 12:42 | Build | House |
| 12:47 | Build | Outpost |
| 12:54 | Create | Spearman |
| 13:00 | Create | Villager (Male) |
| 13:22 | Create | Skirmisher |
| 13:24 | Create | Skirmisher |
| 13:25 | Create | Spearman |
| 13:33 | Build | Mining Camp |
| 13:44 | Create | Skirmisher |
| 13:45 | Create | Villager (Male) |
| 13:45 | Create | Villager (Male) |
| 13:57 | Create | Skirmisher |
| 13:58 | Create | Spearman |
| 14:18 | Build | Outpost |
| 14:22 | Build | House |
| 14:40 | Build | Blacksmith |
| 14:48 | Build | Watch Tower |
| 14:54 | Create | Skirmisher |
| 15:06 | Build | Dock |
| 15:08 | Create | Fishing Ship |
| 15:16 | Create | Skirmisher |
| 15:17 | Create | Villager (Male) |
| 15:18 | Create | Villager (Male) |
| 15:18 | Create | Villager (Male) |
| 15:45 | Build | House |
| 15:45 | Create | Fishing Ship |
| 15:56 | Build | Mill |
| 16:19 | Research | Fletching |
| 16:19 | Research | Fletching |
| 16:19 | Research | Fletching |
| 16:19 | Research | Fletching |
| 16:22 | Build | House |
| 16:30 | Build | Watch Tower |
| 16:37 | Build | Palisade Wall |
| 16:38 | Build | Palisade Wall |
| 16:38 | Build | Palisade Wall |
| 16:39 | Build | Palisade Wall |
| 16:39 | Build | Palisade Wall |
| 16:44 | Create | Skirmisher |
| 17:03 | Create | Skirmisher |
| 17:04 | Create | Villager (Male) |
| 17:04 | Create | Villager (Male) |
| 17:08 | Build | House |
| 17:24 | Build | House |
| 17:52 | Build | House |
| 17:56 | Create | Villager (Male) |
| 18:00 | Build | Mining Camp |
| 18:10 | Build | Palisade Wall |
| 18:13 | Build | Palisade Wall |
| 18:15 | Build | Palisade Wall |
| 18:30 | Build | Stone Wall |
| 18:37 | Create | Villager (Male) |
| 18:55 | Build | Outpost |
| 19:35 | Create | Villager (Male) |
| 19:59 | Build | Watch Tower |
| 20:14 | Build | Market |
| 20:22 | Create | Villager (Male) |
| 20:27 | Create | Fishing Ship |
| 20:27 | Create | Fishing Ship |
| 20:59 | Build | Dock |
| 21:10 | Research | Castle Age |
| 21:14 | Build | Archery Range |
| 21:15 | Create | Skirmisher |
| 21:23 | Build | Watch Tower |
Build order — Ayyy !
119 actions detected in the replay
| 0:04 | Build | Town Center |
| 0:24 | Build | Dock |
| 0:29 | Build | House |
| 2:22 | Create | Villager (Male) |
| 2:22 | Create | Villager (Male) |
| 2:25 | Create | Villager (Male) |
| 2:25 | Create | Villager (Male) |
| 2:26 | Create | Villager (Male) |
| 2:41 | Research | Loom |
| 2:42 | Create | Villager (Male) |
| 2:42 | Create | Villager (Male) |
| 2:42 | Create | Villager (Male) |
| 3:38 | Create | Villager (Male) |
| 3:38 | Create | Villager (Male) |
| 3:47 | Create | Fishing Ship |
| 3:48 | Create | Fishing Ship |
| 4:18 | Build | Palisade Wall |
| 4:40 | Create | Villager (Male) |
| 4:40 | Create | Villager (Male) |
| 4:43 | Build | House |
| 5:10 | Create | Villager (Male) |
| 5:11 | Create | Villager (Male) |
| 5:40 | Create | Villager (Male) |
| 5:41 | Create | Villager (Male) |
| 5:43 | Create | Fishing Ship |
| 5:44 | Create | Fishing Ship |
| 6:13 | Build | House |
| 6:15 | Create | Villager (Male) |
| 6:16 | Create | Villager (Male) |
| 6:37 | Create | Fishing Ship |
| 6:38 | Create | Fishing Ship |
| 6:47 | Create | Villager (Male) |
| 6:47 | Create | Villager (Male) |
| 7:03 | Create | Villager (Male) |
| 7:03 | Create | Villager (Male) |
| 7:24 | Create | Villager (Male) |
| 7:24 | Create | Villager (Male) |
| 7:29 | Create | Fishing Ship |
| 7:30 | Create | Fishing Ship |
| 7:43 | Build | House |
| 7:46 | Create | Villager (Male) |
| 7:46 | Create | Villager (Male) |
| 7:53 | Create | Villager (Male) |
| 7:53 | Create | Villager (Male) |
| 8:31 | Build | Lumber Camp |
| 8:41 | Create | Villager (Male) |
| 8:44 | Build | House |
| 8:59 | Build | House |
| 9:01 | Create | Villager (Male) |
| 9:26 | Create | Fishing Ship |
| 9:34 | Build | House |
| 10:06 | Create | Villager (Male) |
| 10:08 | Create | Villager (Male) |
| 10:25 | Build | Mill |
| 10:45 | Create | Villager (Male) |
| 11:09 | Research | Feudal Age |
| 11:18 | Build | Mining Camp |
| 11:22 | Build | Outpost |
| 11:25 | Create | Villager (Male) |
| 11:37 | Build | House |
| 12:43 | Build | Barracks |
| 13:09 | Build | Outpost |
| 13:31 | Age | Feudal Age |
| 13:39 | Build | Blacksmith |
| 13:41 | Create | Villager (Male) |
| 13:47 | Build | Archery Range |
| 14:19 | Create | Villager (Male) |
| 14:47 | Create | Villager (Male) |
| 14:53 | Build | Market |
| 15:00 | Create | Villager (Male) |
| 15:14 | Create | Villager (Male) |
| 16:13 | Research | Castle Age |
| 16:16 | Build | Archery Range |
| 16:40 | Create | Archer |
| 16:40 | Create | Archer |
| 16:40 | Create | Archer |
| 16:46 | Create | Villager (Male) |
| 17:11 | Create | Villager (Male) |
| 17:24 | Create | Archer |
| 17:24 | Create | Archer |
| 17:24 | Create | Archer |
| 17:40 | Create | Villager (Male) |
| 17:52 | Create | Archer |
| 17:53 | Create | Archer |
| 18:05 | Research | Fletching |
| 18:06 | Research | Fletching |
| 18:12 | Create | Villager (Male) |
| 18:24 | Create | Archer |
| 18:24 | Create | Archer |
| 18:53 | Age | Castle Age |
| 18:56 | Build | Donjon |
| 19:07 | Build | House |
| 19:11 | Create | Villager (Male) |
| 20:06 | Research | Bodkin Arrow |
| 20:07 | Research | Bodkin Arrow |
| 20:20 | Build | Mining Camp |
| 20:24 | Create | Villager (Male) |
| 20:24 | Create | Villager (Male) |
| 20:30 | Build | House |
| 20:30 | Build | House |
| 20:42 | Create | Villager (Male) |
| 20:55 | Build | Town Center |
| 20:56 | Create | Villager (Male) |
| 21:01 | Create | Villager (Male) |
| 21:12 | Create | Villager (Male) |
| 21:36 | Research | Crossbowman (upgrade) |
| 21:36 | Research | Crossbowman (upgrade) |
| 22:02 | Create | Archer |
| 22:03 | Create | Archer |
| 22:03 | Create | Archer |
| 22:04 | Create | Villager (Male) |
| 22:05 | Create | Villager (Male) |
| 22:27 | Build | Farm |
| 22:27 | Build | Farm |
| 22:27 | Build | Farm |
| 22:27 | Build | Farm |
| 22:28 | Build | Farm |
| 22:28 | Build | Farm |
| 22:28 | Build | Farm |
Build order — gyNNNNN
First 150 of 159 actions detected
| 0:27 | Build | Town Center |
| 1:12 | Build | Dock |
| 1:14 | Build | House |
| 2:48 | Create | Villager (Male) |
| 2:48 | Create | Villager (Male) |
| 2:48 | Create | Villager (Male) |
| 2:48 | Create | Villager (Male) |
| 2:48 | Create | Villager (Male) |
| 4:03 | Create | Villager (Male) |
| 4:03 | Create | Villager (Male) |
| 4:03 | Create | Villager (Male) |
| 4:03 | Create | Villager (Male) |
| 4:03 | Create | Villager (Male) |
| 4:29 | Create | Villager (Male) |
| 4:29 | Create | Villager (Male) |
| 4:29 | Create | Villager (Male) |
| 4:29 | Create | Villager (Male) |
| 4:29 | Create | Villager (Male) |
| 4:29 | Create | Villager (Male) |
| 4:30 | Create | Villager (Male) |
| 4:56 | Build | House |
| 5:03 | Create | Fishing Ship |
| 5:04 | Create | Fishing Ship |
| 5:14 | Create | Villager (Male) |
| 5:14 | Create | Villager (Male) |
| 5:14 | Create | Villager (Male) |
| 5:14 | Create | Villager (Male) |
| 5:32 | Create | Villager (Male) |
| 5:32 | Create | Villager (Male) |
| 5:32 | Create | Villager (Male) |
| 5:33 | Create | Villager (Male) |
| 6:03 | Create | Villager (Male) |
| 6:07 | Create | Fishing Ship |
| 6:07 | Create | Fishing Ship |
| 6:22 | Build | House |
| 6:29 | Create | Villager (Male) |
| 6:29 | Create | Villager (Male) |
| 6:29 | Create | Villager (Male) |
| 6:58 | Create | Villager (Male) |
| 6:58 | Create | Villager (Male) |
| 6:58 | Create | Villager (Male) |
| 6:58 | Create | Villager (Male) |
| 6:58 | Create | Villager (Male) |
| 7:15 | Create | Villager (Male) |
| 7:15 | Create | Villager (Male) |
| 7:15 | Create | Villager (Male) |
| 7:15 | Create | Villager (Male) |
| 7:15 | Create | Villager (Male) |
| 7:19 | Create | Fishing Ship |
| 7:56 | Create | Villager (Male) |
| 8:02 | Build | House |
| 8:12 | Build | Lumber Camp |
| 8:35 | Create | Villager (Male) |
| 9:08 | Research | Loom |
| 9:22 | Create | Villager (Male) |
| 9:24 | Create | Villager (Male) |
| 9:24 | Create | Villager (Male) |
| 9:38 | Build | Mill |
| 9:47 | Create | Fishing Ship |
| 9:56 | Build | House |
| 10:02 | Create | Villager (Male) |
| 10:27 | Create | Villager (Male) |
| 10:34 | Create | Fishing Ship |
| 11:20 | Create | Villager (Male) |
| 11:21 | Create | Fishing Ship |
| 11:34 | Build | House |
| 11:52 | Research | Feudal Age |
| 11:52 | Research | Feudal Age |
| 11:52 | Research | Feudal Age |
| 11:52 | Research | Feudal Age |
| 11:52 | Research | Feudal Age |
| 11:52 | Research | Feudal Age |
| 11:52 | Research | Feudal Age |
| 11:52 | Research | Feudal Age |
| 11:52 | Research | Feudal Age |
| 11:52 | Research | Feudal Age |
| 11:52 | Research | Feudal Age |
| 11:52 | Research | Feudal Age |
| 11:52 | Research | Feudal Age |
| 11:52 | Research | Feudal Age |
| 12:13 | Build | Dock |
| 12:56 | Build | Barracks |
| 14:10 | Create | Villager (Male) |
| 14:11 | Create | Villager (Male) |
| 14:13 | Age | Feudal Age |
| 14:17 | Build | Archery Range |
| 14:19 | Build | Blacksmith |
| 14:22 | Create | Villager (Male) |
| 14:22 | Create | Villager (Male) |
| 14:34 | Build | Palisade Wall |
| 14:52 | Build | House |
| 14:52 | Build | House |
| 14:54 | Build | Palisade Wall |
| 15:08 | Research | Castle Age |
| 15:08 | Research | Castle Age |
| 15:08 | Research | Castle Age |
| 15:08 | Research | Castle Age |
| 15:08 | Research | Castle Age |
| 15:08 | Research | Castle Age |
| 15:08 | Research | Castle Age |
| 15:08 | Research | Castle Age |
| 15:08 | Research | Castle Age |
| 15:08 | Research | Castle Age |
| 15:08 | Research | Castle Age |
| 15:08 | Research | Castle Age |
| 15:08 | Research | Castle Age |
| 15:08 | Research | Castle Age |
| 15:08 | Research | Castle Age |
| 15:08 | Research | Castle Age |
| 15:33 | Create | Unit 2626 |
| 15:33 | Create | Unit 2626 |
| 16:00 | Create | Skirmisher |
| 16:00 | Create | Skirmisher |
| 16:06 | Create | Archer |
| 16:06 | Create | Archer |
| 16:09 | Research | Double-Bit Axe |
| 16:09 | Research | Double-Bit Axe |
| 16:26 | Create | Archer |
| 16:31 | Research | Fletching |
| 16:31 | Research | Fletching |
| 16:43 | Create | Archer |
| 17:04 | Create | Archer |
| 17:21 | Create | Archer |
| 18:08 | Age | Castle Age |
| 18:12 | Build | Siege Workshop |
| 18:15 | Create | Villager (Male) |
| 18:15 | Create | Villager (Male) |
| 18:31 | Research | Bodkin Arrow |
| 18:33 | Create | Mangonel |
| 18:33 | Create | Mangonel |
| 18:36 | Build | House |
| 18:48 | Build | House |
| 18:48 | Build | House |
| 18:49 | Create | Fishing Ship |
| 18:49 | Create | Fishing Ship |
| 19:20 | Research | Crossbowman (upgrade) |
| 19:20 | Research | Crossbowman (upgrade) |
| 19:26 | Create | Villager (Male) |
| 19:26 | Create | Villager (Male) |
| 20:24 | Create | Villager (Male) |
| 20:24 | Create | Villager (Male) |
| 20:24 | Create | Villager (Male) |
| 20:24 | Create | Villager (Male) |
| 20:53 | Create | Villager (Male) |
| 20:53 | Create | Villager (Male) |
| 20:53 | Create | Villager (Male) |
| 21:00 | Create | Archer |
| 21:00 | Create | Archer |
| 21:01 | Create | Archer |
| 21:11 | Create | Villager (Male) |
Match timeline
| 0:24 | Ayyy ! · first_building Dock |
| 0:25 | ZomblaV2 · first_building Dock |
| 0:33 | Katsu · first_building Dock |
| 1:12 | gyNNNNN · first_building Dock |
| 4:18 | Ayyy ! · wall_segment Palisade Wall x1 |
| 7:01 | ZomblaV2 · wall_segment Palisade Wall x1 |
| 10:24 | ZomblaV2 · first_building Barracks |
| 11:45 | ZomblaV2 · age_up feudal |
| 11:48 | ZomblaV2 · first_building Archery Range |
| 12:43 | Ayyy ! · first_building Barracks |
| 12:56 | gyNNNNN · first_building Barracks |
| 13:07 | Katsu · age_up feudal |
| 13:31 | Ayyy ! · age_up feudal |
| 13:47 | Ayyy ! · first_building Archery Range |
| 14:13 | gyNNNNN · age_up feudal |
| 14:17 | Katsu · first_market_sell 100 food |
| 14:17 | gyNNNNN · first_building Archery Range |
| 14:34 | gyNNNNN · wall_segment Palisade Wall x1 |
| 14:54 | gyNNNNN · wall_segment Palisade Wall x1 |
| 15:48 | Ayyy ! · first_market_buy 100 food |
| 15:54 | Ayyy ! · first_market_sell 100 stone |
| 16:37 | ZomblaV2 · wall_segment Palisade Wall x1 |
| 16:38 | ZomblaV2 · wall_segment Palisade Wall x1 |
| 16:38 | ZomblaV2 · wall_segment Palisade Wall x1 |
| 16:39 | ZomblaV2 · wall_segment Palisade Wall x1 |
| 16:39 | ZomblaV2 · wall_segment Palisade Wall x1 |
| 17:02 | Katsu · age_up castle |
| 17:04 | Katsu · first_building Castle |
| 18:08 | gyNNNNN · age_up castle |
| 18:10 | ZomblaV2 · wall_segment Palisade Wall x1 |
| 18:12 | gyNNNNN · first_building Siege Workshop |
| 18:13 | ZomblaV2 · wall_segment Palisade Wall x1 |
| 18:15 | ZomblaV2 · wall_segment Palisade Wall x1 |
| 18:30 | ZomblaV2 · wall_segment Stone Wall x15 |
| 18:53 | Ayyy ! · age_up castle |
| 18:56 | Ayyy ! · first_building Donjon |
| 21:09 | ZomblaV2 · first_market_buy 100 food |
| 21:09 | ZomblaV2 · first_market_sell 100 wood |
| 22:30 | ZomblaV2 · resign |
[ AI ANALYSIS · 1 CREDIT ]
What really happened in this match?
Wolo.gg analyzes every decision: build order, eco, micro, common mistakes by bracket. Personalized analysis on WhatsApp or Discord in 30 seconds.
Civ guide
Turks
Perfil
Jugador #23974756